 Dungeon Crawl Stone Soup version 0.24-a0-170-gd8427f5 (webtiles) character file.

Game seed: 12741651532813650235

237 terrorsythe the Poker (level 5, -1/44 HPs)
             Began as a Demigod Gladiator on Mar 9, 2019.
             Slain by Menkaure (7 damage)
             ... on level 4 of the Dungeon.
             The game lasted 00:07:28 (3582 turns).

terrorsythe the Poker (Demigod Gladiator)           Turns: 3582, Time: 00:07:28

Health: -1/44      AC: 10    Str: 19    XL:     5   Next: 48%
Magic:  7/7        EV:  9    Int: 12    God:
Gold:   166        SH:  0    Dex: 17    Spells: 4/4 levels left

rFire    + . .     SeeInvis .   a - +0 trident
rCold    x . .     Gourm    .   (no shield)
rNeg     . . .     Faith    .   C - +0 chain mail
rPois    .         Spirit   .   c - +0 helmet
rElec    .         Reflect  .   (no cloak)
rCorr    .         Harm     .   (no gloves)
MR       .....                  o - +0 pair of boots
Stlth    ..........             (no amulet)
HPRegen  0.14/turn              t - ring of wizardry
MPRegen  0.10/turn              s - ring of fire

@: no status effects
A: high mp 1
a: no special abilities


You were on level 4 of the Dungeon.
You were hungry.

You visited 1 branch of the dungeon, and saw 4 of its levels.

You collected 166 gold pieces.

Inventory:

Hand Weapons
 a - a +0 trident (weapon)
 A - a +0 blowgun
Missiles
 d - 3 throwing nets (quivered)
 r - 2 needles of frenzy
 B - 16 poisoned needles
Armour
 c - a +0 helmet (worn)
 o - a +0 pair of boots (worn)
 C - a +0 chain mail (worn)
Jewellery
 s - a ring of fire (right hand)
 t - a ring of wizardry (left hand)
Wands
 v - a wand of clouds (4)
Scrolls
 g - a scroll of fog {unknown}
 i - 4 scrolls of blinking {unknown}
 j - 4 scrolls of teleportation {unknown}
 l - 3 scrolls of remove curse {unknown}
 m - 2 scrolls of fear
 q - 3 scrolls of identify
 u - a scroll of magic mapping {unknown}
 y - a scroll of enchant weapon {unknown}
Potions
 e - a potion of lignification {unknown}
 k - a potion of ambrosia
 n - a potion of resistance {unknown}
 p - a potion of mutation {unknown}
 w - a potion of curing
 x - a potion of haste
 z - a potion of degeneration {unknown}
 D - a potion of agility {unknown}
Comestibles
 f - 8 rations


   Skills:
 + Level 2.9 Fighting
 * Level 4.2 Polearms
 - Level 2.1 Throwing
 + Level 1.7 Armour
 + Level 3.6 Dodging


You had 4 spell levels left.
You didn't know any spells.
Your spell library was empty.

Dungeon Overview and Level Annotations

Branches:
Dungeon (4/15)
 Temple: D:4-7

Annotations:
D:4 Menkaure


Innate Abilities, Weirdness & Mutations

You have an increased reservoir of magic. (+10% MP)


Message History

You barely miss Menkaure.
Menkaure is moderately damaged.
You feel sick.
Menkaure gestures wildly while chanting.
Menkaure seems to speed up.
You hit Menkaure.
Menkaure is moderately damaged.
You feel sick. Menkaure hits you but does no damage.
It was a potion of curing.
You feel better. Menkaure hits you!!
* * * LOW HITPOINT WARNING * * *
Okay, then.
As you read the scroll labeled AQIUFRUOZI, it crumbles to dust.
You assume a fearsome visage.
Menkaure is unaffected.
It was a scroll of fear.
Menkaure calls on the powers of darkness!
Your body is wracked with pain!
* * * LOW HITPOINT WARNING * * *
As you read the scroll labeled YTWAGENOCUGH, it crumbles to dust.
It is a scroll of amnesia.
You feel forgetful for a moment. Menkaure hits you!
You die...

#........####.#..........
###+##......#####........
#.>....#...#........
#...................
#....###.###........
+....# # #....<...
#....### #........
#......+ #..@.### #.M..#
#.[..# #..........
#.......... #..........
#.......... #######<...
....


You could see Menkaure.

Vanquished Creatures
  Ijyb (D:4)
  3 worker ants
  5 adders
  An ooze (D:1)
  2 worms (D:2)
  4 dart slugs
  2 leopard geckos (D:3)
  A ball python (D:2)
  3 bats
  2 giant cockroaches
  8 goblins
  12 hobgoblins
  7 jackals
  8 kobolds
  5 frilled lizards
  2 leopard gecko skeletons (D:4)
  8 rats
74 creatures vanquished.

Notes
Turn   | Place    | Note
-------+----------+-------------------------------------------
     0 | D:1      | terrorsythe the Demigod Gladiator began the quest for the
                  | Orb.
     0 | D:1      | Reached XP level 1. HP: 17/17 MP: 3/3
    95 | D:1      | Reached XP level 2. HP: 22/24 MP: 4/4
   301 | D:1      | Reached skill level 3 in Polearms
   740 | D:1      | Reached XP level 3. HP: 25/29 MP: 5/5
  1620 | D:2      | Reached skill level 1 in Armour
  1620 | D:2      | Reached XP level 4. HP: 37/37 MP: 6/6
  1943 | D:3      | Found a shadowy altar of Dithmenos.
  2396 | D:3      | Found a snail-covered altar of Cheibriados.
  3006 | D:4      | Reached XP level 5. HP: 35/42 MP: 7/7
  3296 | D:4      | Reached skill level 4 in Polearms
  3554 | D:4      | Noticed Ijyb
  3556 | D:4      | Noticed Menkaure
  3564 | D:4      | Killed Ijyb
  3582 | D:4      | Slain by Menkaure

Levels and vault maps discovered:
D:1:      dpeg_arrival_windows_large_door, layout_basic
D:2:      layout_basic, first_ration, roderic_roman_lattice,
          chequers_serial_rivers_micro_d
D:3:      layout_basic, grunt_dithmenos_smoke_and_mirrors, cheibriados_altar_1
D:4:      layout_gridville, lemuel_doored_altar, eat_drink_and_be_merry_uskayaw,
          evilmike_ruin_ashenzari, uniq_ijyb, uniq_menkaure

Skill      XL: |  1  2  3  4  5 |
---------------+----------------+-----
Fighting       | 2 |  2.9
Throwing       | 2 |  2.1
Polearms       | 3 4 |  4.2
Dodging        | 3 |  3.6
Armour         | 1 |  1.7

Action                   |  1- 3 |  4- 6 || total
-------------------------+-------+-------++-------
Melee: Trident           |   143 |   124 ||   267
Evoke: Wand              |       |     1 ||     1
  Use: Potion            |     2 |     2 ||     4
       Scroll            |       |     3 ||     3
 Stab: Sleeping          |     2 |     1 ||     3
  Eat: Chunk             |     2 |     6 ||     8
Armor: Leather armour    |    43 |    15 ||    58
       Chain mail        |       |    32 ||    32
Dodge: Dodged            |   132 |    69 ||   201

Table legend:
 A = Non-vault XP
 B = Vault XP
 C = Vault XP percentage of total XP
 D = Non-vault monster count
 E = Vault monster count
 F = Vault count percentage of total count
                 A         B        C        D         E       F
            +---------+---------+-------+---------+---------+-------
      Total |     301 |      38 |  11.2 |      73 |       1 |   1.4
            +---------+---------+-------+---------+---------+-------
        D:1 |      51 |       0 |   0.0 |      25 |       0 |   0.0
        D:2 |      78 |       0 |   0.0 |      27 |       0 |   0.0
        D:3 |      76 |       0 |   0.0 |      14 |       0 |   0.0
        D:4 |      96 |      38 |  28.4 |       7 |       1 |  12.5
            +---------+---------+-------+---------+---------+-------
